 Dungeon Crawl Stone Soup version 0.29-a0-824-gd827844252 (webtiles) character file.

Game seed: 9525142346423822018

51312 flotson the Fighter (level 14, -9/111 HPs)
             Began as a Demonspawn Delver on July 9, 2022.
             Killed from afar by an ice statue (14 damage)
             ... with a bolt of cold
             ... in an ice cave.
             The game lasted 00:43:43 (25555 turns).

flotson the Fighter (Demonspawn Delver)            Turns: 25555, Time: 00:43:45

Health: -9/111     AC: 19    Str: 15    XL:     14   Next: 23%
Magic:  0/14       EV: 14    Int: 13    God:
Gold:   1019       SH: 11    Dex: 19    Spells: 13/13 levels left

rFire   . . .      SeeInvis .   a - +9 eveningstar
rCold   + . .      Faith    .   O - +0 kite shield
rNeg    + . .      Spirit   +   I - +3 chain mail
rPois   +          Reflect  .   (no helmet)
rElec   .          Harm     .   d - +2 ratskin cloak {*Rats rPois rN+ Str-1 Int-1 Dex+1}
rCorr   .          Rampage  .   (no gloves)
Will    +....                   h - +0 pair of boots
Stlth   ++........              Y - amulet of guardian spirit
HPRegen 0.28/turn               P - +4 ring of evasion
MPRegen 0.14/turn               W - ring of protection from cold

@: no status effects
A: thin skeletal structure 2, demonic guardian 2, spiny 2, demonic touch 2
a: no special abilities


You were in an ice cave.
You visited 4 branches of the dungeon, and saw 19 of its levels.
You also visited: Ice Cave.

You collected 1019 gold pieces.

Inventory:

Hand Weapons
 a - a +9 eveningstar (weapon)
 b - a +0 broad axe
Missiles
 o - 6 datura-tipped darts
 p - 8 throwing nets
 F - 5 boomerangs (quivered)
 H - 6 atropa-tipped darts
 K - 7 curare-tipped darts
 T - 10 javelins
Armour
 d - the +2 ratskin cloak (worn) {*Rats rPois rN+ Str-1 Int-1 Dex+1}
   (You found it on level 3 of the Dungeon)

   When the wearer is hurt, rats may emerge from it to assist them.
   Str:       It affects your strength (-1).
   Int:       It affects your intelligence (-1).
   Dex:       It affects your dexterity (+1).
   rPois:     It protects you from poison.
   rN:        It protects you from negative energy.
 h - a +0 pair of boots (worn)
 I - a +3 chain mail (worn)
 O - a +0 kite shield (worn)
Jewellery
 r - a ring of fire
 E - a +6 ring of strength
 P - a +4 ring of evasion (left hand)
 W - a ring of protection from cold (right hand)
 Y - an amulet of guardian spirit (around neck)
Wands
 e - a wand of mindburst (5)
 g - a wand of digging (2)
 s - a wand of acid (7)
 y - a wand of paralysis (25)
 A - a wand of flame (28)
 N - a wand of polymorph (2)
 X - a wand of iceblast (9)
Scrolls
 i - a scroll of blinking {unknown}
 j - 5 scrolls of magic mapping
 n - 3 scrolls of immolation
 t - 4 scrolls of vulnerability
 u - 6 scrolls of silence
 z - a scroll of enchant armour {unknown}
 B - 5 scrolls of teleportation
 D - 5 scrolls of poison
 M - 2 scrolls of summoning
 R - 7 scrolls of fog
 S - a scroll of brand weapon {unknown}
 V - 2 scrolls of torment {unknown}
Potions
 f - 3 potions of attraction
 k - a potion of magic
 m - 2 potions of degeneration {unknown}
 q - 3 potions of flight
 v - 3 potions of mutation
 w - 3 potions of cancellation
 x - 6 potions of curing
 C - 5 potions of haste
 L - 3 potions of might
 Q - 2 potions of resistance
Miscellaneous
 c - a tin of tremorstones (2/2)
 l - a lightning rod (4/4)
 U - a phantom mirror
 Z - a box of beasts


   Skills:
 + Level 10.5 Fighting
 - Level 6.3(7.7) Axes
 + Level 6.6(7.8) Maces & Flails
 - Level 1.7(4.3) Polearms
 + Level 9.1 Throwing
 + Level 9.1 Armour
 + Level 9.4 Dodging
 - Level 4.5 Stealth
 + Level 6.9 Shields
 + Level 10.0 Evocations


You had 13 spell levels left.
You didn't know any spells.
Your spell library contained the following spells:

 Spells                   Type           Power      Damage    Failure   Level
 Magic Dart               Conj           0%         1d3       100%        1
 Slow                     Hex            0%         N/A       100%        1
 Ensorcelled Hibernation  Hex/Ice        0%         N/A       100%        2
 Searing Ray              Conj           0%         2d4       100%        2
 Static Discharge         Conj/Air       0%         3-3/arc   100%        2
 Sublimation of Blood     Necr           0%         N/A       100%        2
 Wereblood                Tmut           0%         N/A       100%        2
 Call Canine Familiar     Summ           0%         N/A       100%        3
 Confusing Touch          Hex            0%         N/A       100%        3
 Spider Form              Tmut/Pois      0%         N/A       100%        3
 Vampiric Draining        Necr           0%         2d6       100%        3
 Anguish                  Hex/Necr       0%         N/A       100%        4
 Fulminant Prism          Conj/Hex       0%         3d6       100%        4
 Lightning Bolt           Conj/Air       0%         1d11      100%        5
 Summon Hydra             Summ           0%         N/A       100%        7
 Maxwell's Capacitive Co  Air            0%         ∞         100%        8
 Chain Lightning          Conj/Air       0%         N/A       100%        9
 Fire Storm               Conj/Fire      0%         5d1       100%        9
 Shatter                  Erth           0%         3d5*      100%        9


Dungeon Overview and Level Annotations

Branches:
Dungeon (10/15)            Temple (1/1) D:5            Lair (6/6) D:8
 Shoals (0/4) Lair:3       Spider (0/4) Lair:2        Slime (0/5) Lair:5
    Orc (2/2) D:10            Elf (0/3) Orc:2         IceCv (1/1)

Altars:
Ashenzari
Cheibriados
Dithmenos
Fedhas
Gozag
Hepliaklqana
Kikubaaqudgha
Makhleb
Nemelex Xobeh
Okawaru
Qazlal
Ru
Sif Muna
Trog
Uskayaw
Vehumet
Wu Jian
Xom
Yredelemnul
Jiyva

Shops:
D:8 *

Annotations:
IceCv exclusion: 2 ice statues


Innate Abilities, Weirdness & Mutations

You have a moderately thin skeletal structure. (Dex +4, Stealth++)
A demonic guardian rushes to your aid.
You are mostly covered in sharp spines.
Your touch may inflict irresistible damage on your foes.


Message History

The ice beast dies!
The ice beast disappears in a puff of smoke!
You hit the ice statue.
The ice statue is almost destroyed.
You are engulfed in freezing vapours.
You resist.
* * * LOW HITPOINT WARNING * * *
The ice statue gestures.
The ice beast hits you but does no damage.
The ice beast barely misses you.
You block the troll simulacrum's attack. x2
The troll simulacrum claws you.
* * * LOW HITPOINT WARNING * * *
The troll simulacrum freezes you. You resist.
* * * LOW HITPOINT WARNING * * *
A demonic guardian appears!
The ice statue gestures at you. The shard of ice misses you.
The shard of ice hits the ice beast!
The ice beast partially resists.
You hit the ice statue but do no damage.
The ice statue is almost destroyed.
You are engulfed in freezing vapours.
You resist.
* * * LOW HITPOINT WARNING * * *
Your sixfirhy barely misses the ice beast.
You block the ice beast's attack.
The ice beast hits your ice devil but does no damage.
The troll simulacrum misses you.
You block the troll simulacrum's attack.
The troll simulacrum claws you!
* * * LOW HITPOINT WARNING * * *
The troll simulacrum freezes you. You resist.
* * * LOW HITPOINT WARNING * * *
The ice statue gestures.
You hit the ice statue.
The ice statue is almost destroyed.
The ice beast closely misses you.
Your ice devil hits the ice beast!
The ice beast dies!
The ice beast disappears in a puff of smoke!
The ice statue gestures at you. The bolt of cold hits you! You resist.
You die...

##### .....##
......Y## ......3.##
......ZY8# ####
......Y@########..##
......°§4##..##....##
.........°..........#
..⌠.............∩∩..#
...........##.......#
.........######....##
........## ##..##
........8 ####
........#


You could see 2 ice statues, 3 ice beasts, a troll simulacrum, a friendly ice
devil (summoned) and a friendly sixfirhy (summoned).

Vanquished Creatures
  A dire elephant (Lair:5)
  4 hydras
  2 boulder beetles
  Urug (D:10)
  2 death yaks
  2 sea snakes (Lair:6)
  A lindwurm (Lair:6)
  Pikel (D:5)
  A harpy (Lair:6)
  2 manticores (Lair:6)
  4 elephants (Lair:6)
  5 black mambas
  The ghost of LynnLen the Digger, a novice FoEE (D:4)
  A gargoyle (D:10)
  A demonic crawler (Lair:2)
  7 cane toads
  11 komodo dragons
  3 rime drakes
  2 trolls (D:10)
  3 polar bears
  2 snapping turtles (Lair:6)
  Prince Ribbit (D:6)
  19 blink frogs
  Sigmund (D:5)
  A vampire (D:7)
  Eustachio (D:6)
  5 wyverns
  2 wraiths (D:10)
  A steam dragon (Lair:6)
  47 yaks
  A basilisk (Lair:3)
  A warg (Orc:2)
  Duvessa (D:5)
  10 water moccasins
  4 orc warriors
  An ice beast (D:7)
  A black bear (D:5)
  6 ogres
  13 centaurs
  24 wolves
  A lemure (D:5)
  2 kobold brigands
  18 bullfrogs
  4 gnoll sergeants
  A cane toad simulacrum (IceCv)
  7 scorpions
  A two-headed ogre simulacrum (IceCv)
  13 wights
  Dowan (D:5)
  15 killer bees
  2 howler monkeys
  A quasit (D:6)
  9 jellies (Lair:5)
  5 hounds
  2 orc priests
  Terence (D:3)
  5 iguanas
  Natasha (thrice) (D:3)
  8 orc wizards
  A spriggan simulacrum (IceCv)
  A troll simulacrum (IceCv)
  2 polar bear simulacra (IceCv)
  6 adders
  14 gnolls
  6 shadow imps
  7 white imps
  4 ufetubi
  4 worms
  A dart slug (D:1)
  36 orcs
  3 bats (D:2)
  11 endoplasms
  7 giant cockroaches
  18 goblins
  11 hobgoblins
  5 jackals
  15 kobolds
  4 quokkas
  11 ball pythons
  5 frilled lizards
  3 rats
471 creatures vanquished.

Vanquished Creatures (collateral kills)
  A merfolk avatar (Lair:6)
  3 hydras
  Erica (D:10)
  A death yak (Lair:3)
  2 elephants (Lair:6)
  2 black mambas (Lair:3)
  A cane toad (Lair:2)
  2 rime drakes
  A komodo dragon (Lair:2)
  4 blink frogs (Lair:5)
  2 shadows (D:10)
  11 yaks
  An ogre (D:4)
  2 bullfrogs
  A wight (D:7)
  4 jellies (Lair:5)
  An orc priest (D:7)
  A gnoll (D:8)
  An adder (D:2)
  2 orcs (D:7)
  2 endoplasms
  A giant cockroach (D:3)
  2 goblins (D:4)
  A hobgoblin (D:3)
  A jackal (D:3)
51 creatures vanquished.

Vanquished Creatures (others)
  An orc wizard (Orc:2)
  A bush (Lair:2)
  7 demonic plants (D:6)
  40 fungi
  57 plants
106 creatures vanquished.

Grand Total: 628 creatures vanquished

Notes
Turn   | Place    | Note
-------+----------+-------------------------------------------
     0 | D:5      | flotson the Demonspawn Delver began the quest for the Orb.
     0 | D:5      | Reached XP level 1. HP: 18/18 MP: 1/1
   134 | D:4      | Gained mutation: Your touch may inflict minor irresistible
                  | damage on your foes. [demonic ancestry]
   134 | D:4      | Reached XP level 2. HP: 4/24 MP: 2/2
   449 | D:4      | Noticed an ogre
   485 | D:4      | Found a runed translucent door.
   486 | D:4      | Noticed LynnLen's ghost (novice FoEE)
   505 | D:3      | Noticed Natasha
   510 | D:3      | Found the +2 ratskin cloak {*Rats rPois rN+ Str-1 Int-1
                  | Dex+1}
   520 | D:3      | Found a stormy altar of Qazlal.
   754 | D:3      | Reached skill level 1 in Evocations
   773 | D:2      | Gained mutation: A weak demonic guardian rushes to your
                  | aid. [demonic ancestry]
   773 | D:2      | Reached XP level 3. HP: 29/29 MP: 3/3
   841 | D:2      | Reached skill level 1 in Axes
   866 | D:2      | Reached skill level 1 in Armour
  1795 | D:2      | Reached XP level 4. HP: 32/35 MP: 4/4
  2803 | D:3      | Killed Natasha
  2804 | D:3      | Gained mutation: Your touch may inflict irresistible damage
                  | on your foes. [demonic ancestry]
  2804 | D:3      | Reached XP level 5. HP: 39/41 MP: 5/5
  2858 | D:3      | Noticed Natasha
  2872 | D:3      | Killed Natasha
  2873 | D:3      | Reached skill level 1 in Throwing
  2955 | D:3      | Noticed Terence
  2962 | D:3      | Killed Terence
  2986 | D:3      | Identified the +7 mace of Okoeti {venom, *Noise rC++}
  3133 | D:3      | Noticed Natasha
  3139 | D:3      | Killed Natasha
  3240 | D:3      | Noticed an ogre
  3250 | D:3      | Killed an ogre
  3251 | D:3      | Gained mutation: You have a somewhat thin skeletal
                  | structure. (Dex +2, Stealth+) [demonic ancestry]
  3251 | D:3      | Reached XP level 6. HP: 45/48 MP: 6/6
  4083 | D:4      | Reached XP level 7. HP: 52/54 MP: 7/7
  4323 | D:4      | Found a snail-covered altar of Cheibriados.
  4694 | D:5      | Found a burning altar of Makhleb.
  4783 | D:5      | Found a staircase to the Ecumenical Temple.
  4783 | D:5      | Noticed Sigmund
  4788 | D:5      | Killed Sigmund
  4792 | D:5      | Reached XP level 8. HP: 61/61 MP: 8/8
  4798 | Temple   | Entered the Ecumenical Temple
  4882 | D:5      | Noticed Pikel
  4888 | D:5      | Killed Pikel
  4889 | D:5      | Reached skill level 5 in Fighting
  5063 | D:5      | Found a broken altar of Ashenzari.
  5066 | D:5      | Noticed Duvessa
  5070 | D:5      | Noticed Dowan
  5077 | D:5      | Killed Duvessa
  5399 | D:5      | Killed Dowan
  5651 | D:5      | Reached XP level 9. HP: 68/68 MP: 9/9
  5711 | D:6      | Noticed Prince Ribbit
  5713 | D:6      | Noticed Eustachio
  5977 | D:6      | Killed Eustachio
  6011 | D:6      | Killed Prince Ribbit
  6012 | D:6      | Reached skill level 5 in Dodging
  6012 | D:6      | Reached skill level 5 in Evocations
  7114 | D:7      | Reached skill level 5 in Axes
  7186 | D:7      | Reached skill level 5 in Armour
  7585 | D:7      | Reached skill level 5 in Throwing
  7605 | D:7      | Gained mutation: A demonic guardian rushes to your aid.
                  | [demonic ancestry]
  7605 | D:7      | Reached XP level 10. HP: 77/77 MP: 10/10
  8796 | D:8      | Found an opulent altar of Gozag.
  8810 | D:8      | Found Gozag's Platinum Reserve.
  9392 | D:8      | Found a staircase to the Lair.
  9970 | D:9      | Reached skill level 1 in Shields
 10972 | D:10     | Entered Level 10 of the Dungeon
 10990 | D:10     | Noticed Urug
 11016 | D:10     | Killed Urug
 11017 | D:10     | Gained mutation: You are partially covered in sharp spines.
                  | [demonic ancestry]
 11017 | D:10     | Reached XP level 11. HP: 36/84 MP: 11/11
 11608 | D:10     | Found an ancient bone altar of Kikubaaqudgha.
 11957 | D:10     | Found a staircase to the Orcish Mines.
 12236 | D:10     | Noticed Erica
 12245 | D:10     | Killed Erica
 12246 | D:10     | Reached skill level 1 in Maces & Flails
 12963 | Lair:1   | Entered Level 1 of the Lair of Beasts
 13031 | Lair:1   | Noticed a seven-headed hydra
 13044 | Lair:1   | Killed a seven-headed hydra
 13818 | Lair:1   | Noticed a boulder beetle
 13839 | Lair:1   | Killed a boulder beetle
 14052 | Lair:1   | Gained mutation: You are mostly covered in sharp spines.
                  | [demonic ancestry]
 14052 | Lair:1   | Reached XP level 12. HP: 89/94 MP: 12/12
 14094 | Lair:1   | Noticed an eight-headed hydra
 14101 | Lair:1   | Killed an eight-headed hydra
 14793 | Lair:2   | Noticed an eight-headed hydra
 14804 | Lair:2   | Killed an eight-headed hydra
 15170 | Lair:2   | Found a hole to the Spider Nest.
 16516 | Lair:3   | Reached skill level 5 in Shields
 16612 | Lair:3   | Found a staircase to the Shoals.
 17214 | Lair:3   | Noticed a death yak
 17219 | Lair:3   | Noticed a death yak
 17219 | Lair:3   | Noticed a death yak
 17297 | Lair:2   | Killed a death yak
 17390 | Lair:3   | Killed a death yak
 17391 | Lair:3   | Gained mutation: You have a moderately thin skeletal
                  | structure. (Dex +4, Stealth++) [demonic ancestry]
 17391 | Lair:3   | Reached XP level 13. HP: 78/101 MP: 13/13
 17885 | Lair:4   | Reached skill level 5 in Maces & Flails
 19484 | Lair:5   | Got Hodgh's Lessons on the Swarm
 20497 | Lair:5   | Found a staircase to the Slime Pits.
 20498 | Lair:5   | Found a viscous altar of Jiyva.
 20675 | Lair:6   | Entered Level 6 of the Lair of Beasts
 20805 | Lair:6   | Reached skill level 10 in Fighting
 21662 | Lair:6   | Noticed a dire elephant
 22276 | Lair:6   | Reached XP level 14. HP: 77/110 MP: 9/14
 24020 | Lair:5   | Found a viscous altar of Jiyva.
 24021 | Lair:5   | Found a staircase to the Slime Pits.
 24894 | D:4      | Killed LynnLen's ghost
 25038 | Orc:1    | Entered Level 1 of the Orcish Mines
 25042 | Orc:2    | Entered Level 2 of the Orcish Mines
 25062 | Orc:2    | Reached skill level 10 in Evocations
 25089 | Orc:1    | Found a frozen archway.
 25093 | Orc:1    | HP: 4/111 [spriggan simulacrum (15)]
 25100 | IceCv    | Entered an ice cave
 25554 | IceCv    | HP: 5/111 [troll simulacrum (3)]
 25555 | IceCv    | Killed from afar by an ice statue

Illustrated notes

Levels and vault maps discovered:
D:1:      ncdulo_smallfort, layout_rooms, chequers_serial_rivers_large_a
D:2:      layout_loops_corners, minmay_close_crescents
D:3:      layout_rooms, lemuel_round_altar, minmay_ogre_servants, uniq_terence,
          uniq_natasha
D:4:      cheibrodos_greedy_goblins, layout_basic,
          mainiacjoe_overflow_tiny_flanked, ebering_ghost_reflecting_pool,
          kennysheep_windowed_goal
D:5:      layout_basic, evilmike_ruin_ashenzari, mainiacjoe_overflow_brackets,
          minmay_temple_entry_sparse_star, uniq_sigmund, uniq_pikel,
          uniq_duvessa
D:6:      layout_gridville, serial_demonic, serial_demonic_b, serial_demonic_a,
          serial_demonic_c, serial_demonic_c, serial_demonic_e,
          uniq_prince_ribbit1, uniq_eustachio
D:7:      layout_rooms
D:8:      layout_basic, nicolae_gozag_zags_fifth_avenue, lair_entry_dummy,
          minmay_misc_feat_secret_circle, nicolae_concentric_dashed_squares_mild
D:9:      layout_roguey
D:10:     layout_stronghold, lemuel_doored_altar, lemuel_tele_altar,
          david_orc_2, kennysheep_generic_room_2, uniq_urug, uniq_erica
Temple:   eino_wide_crystal_templ
Lair:1:   layout_gridlike, nzn_sisyphean_effort
Lair:2:   layout_roguey, nicolae_spider_entry_non_spiders, st_stairs_5
Lair:3:   layout_chaotic_city, minmay_shoals_entry_centaurs
Lair:4:   layout_misc_corridors, infiniplex_staircase_pool_2
Lair:5:   layout_gridlike, minmay_slime_entry_jelly_boxes,
          chequers_serial_rivers_micro_c, grunt_megastairs_5,
          serial_bayou_shore_b
Lair:6:   gammafunk_lair_ancient_temple, layout_regular_city,
          chequers_serial_rivers_room_b, evilmike_ambush
          [evilmike_ambush_outer_pillars, evilmike_ambush_inner_cross]
Orc:1:    layout_caves, portal_ice_cave_entry_ice_simulacra, uniq_erolcha
Orc:2:    st_orc_rangers, layout_caves, enter_volcano_3
IceCv:    ice_cave_tombish

Skill      XL: |  1  2  3  4  5  6  7  8  9 10 11 12 13 14 |
---------------+-------------------------------------------+-----
Dodging        | 2 3 4 5 6 7 8 9 |  9.4
Evocations     | 1 2 3 4 5 6 7 8 9 10 | 10.0
Axes           | 1 2 3 4 5 6 |  6.3
Armour         | 1 2 3 4 5 6 7 8 9 |  9.1
Throwing       | 1 2 3 5 6 7 8 9 |  9.1
Fighting       | 4 5 6 7 8 9 10 | 10.5
Shields        | 2 3 5 6 |  6.9
Maces & Flails | 3 4 6 |  6.6
Polearms       | |  1.7
Stealth        | |  4.5

Action                   |  1- 3 |  4- 6 |  7- 9 | 10-12 | 13-15 || total
-------------------------+-------+-------+-------+-------+-------++-------
Melee: Spear             |   101 |    96 |       |       |       ||   197
       Touch             |    14 |    25 |    43 |    17 |       ||    99
       Mace              |       |    30 |   238 |   163 |       ||   431
       Punch             |       |       |     4 |     1 |       ||     5
       Battleaxe         |       |       |       |    24 |       ||    24
       Eveningstar       |       |       |       |   373 |   395 ||   768
 Fire: Sling             |    21 |     8 |     2 |     3 |       ||    34
Throw: Dart              |       |       |       |    13 |     1 ||    14
       Javelin           |       |       |       |    16 |       ||    16
       Boomerang         |       |       |       |    13 |    25 ||    38
Evoke: Wand              |       |       |     7 |     2 |     3 ||    12
       Phantom mirror    |       |       |       |       |     1 ||     1
  Use: Potion            |     1 |       |       |     1 |     1 ||     3
       Scroll            |     1 |       |     1 |    18 |     9 ||    29
 Stab: Sleeping          |     7 |     6 |     5 |       |     2 ||    20
       Paralysed         |       |       |       |     3 |       ||     3
       Distracted        |       |       |       |     3 |     4 ||     7
Armor: Leather armour    |    21 |       |    26 |       |       ||    47
       Ring mail         |     8 |    39 |    28 |       |       ||    75
       Chain mail        |       |       |   122 |   275 |   226 ||   623
Dodge: Dodged            |    40 |    53 |   186 |   456 |   436 ||  1171
Block: Kite shield       |       |       |       |   331 |   364 ||   695

Table legend: (Time is in decaauts)
 A = Elapsed time spent in this place.
 B = Non-inter-level travel time spent in this place.
 C = Inter-level travel time spent in this place.
 D = Time resting spent in this place.
 E = Time spent auto-exploring this place.
 F = Levels seen in this place.
 G = Mean time per level.
                   A        B        C        D        E       F      G
               +--------+--------+--------+--------+--------+-----+--------+
         Total |  26073 |  25087 |    986 |   2724 |  18356 |  20 | 1303.7 |
       Dungeon |  13361 |  12681 |    680 |   1597 |   8980 |  10 | 1336.1 |
        Temple |     49 |     34 |     15 |      0 |     23 |   1 |   49.0 |
          Lair |  12137 |  11846 |    291 |   1052 |   9028 |   6 | 2022.8 |
  Orcish Mines |     65 |     65 |      0 |      0 |      0 |   2 |   32.5 |
      Ice Cave |    460 |    460 |      0 |     75 |    324 |   1 |  460.0 |
               +--------+--------+--------+--------+--------+-----+--------+

Top non-repeatable levels by time:
  Lair:6: 3069 daAuts
  Lair:5: 2246 daAuts
    D:10: 2040 daAuts
  Lair:3: 1849 daAuts
  Lair:1: 1849 daAuts
     D:4: 1777 daAuts
  Lair:2: 1692 daAuts
     D:7: 1477 daAuts
     D:6: 1477 daAuts
  Lair:4: 1429 daAuts
     D:9: 1385 daAuts
     D:2: 1236 daAuts
     D:5: 1147 daAuts
     D:3: 1064 daAuts
     D:8: 982 daAuts
